 Dungeon Crawl Stone Soup version 0.29.0-4-gdea44cf6ec (webtiles) character file.

Game seed: 13590598746621876779

16543 qw the Severer (level 12, 0/162 (165) HPs)
             Began as a Minotaur Berserker on Sept 8, 2022.
             Was a Priest of Trog.
             Slain by a hell rat (4 damage)
             ... while petrified by a basilisk
             ... on level 3 of the Lair of Beasts.
             The game lasted 00:03:44 (12890 turns).

qw the Severer (Minotaur Berserker)                Turns: 12890, Time: 00:03:45

HP:   0/162 (165)   AC: 20    Str: 27    XL:     12   Next: 11%
MP:   11/11         EV:  2    Int:  4    God:    Trog [***...]
Gold: 670           SH:  0    Dex: 17    Spells: 11/11 levels left

rFire   . . .      SeeInvis .   n - +0 morningstar
rCold   + . .      Faith    .   e - +0 buckler
rNeg    + + +      Spirit   .   a - +0 chain mail
rPois   inf        Reflect  .   b - +0 hat of Dithmenos's Reproof {+Blink rC+ Dex+7}
rElec   .          Harm     .   y - +0 cloak
rCorr   .          Rampage  .   d - +1 pair of gloves
Will    .....                   i - +0 pair of boots
Stlth   ..........              (no amulet)
HPRegen 0.37/turn               w - ring of poison resistance
MPRegen 0.12/turn               c - +4 ring of protection

@: berserking (expiring), petrified, lightly drained
A: horns 2, retaliatory headbutt
a: Renounce Religion, Evoke Blink, Berserk, Trog's Hand


You were on level 3 of the Lair of Beasts.
You worshipped Trog.
Trog was most pleased with you.
You visited 2 branches of the dungeon, and saw 11 of its levels.

You collected 670 gold pieces.


Innate Abilities, Weirdness & Mutations

You have a pair of horns on your head.
You reflexively headbutt those who attack you in melee.


   Skills:
 + Level 11.2 Fighting
 - Level 16.0 Axes
 - Level 5.0 Throwing
 - Level 9.0 Armour
 - Level 6.3 Dodging
 - Level 7.1 Shields


You had 11 spell levels left.
You didn't know any spells.
Your spell library was empty.

Inventory:

Hand Weapons
 n - a +0 morningstar (weapon)
 q - the +6 mace of the Ancients {flame, Fragile rElec rF+++ rC+}
   (You found it on level 5 of the Dungeon)

   It burns those it strikes, dealing additional fire damage.
   rF:        It renders you almost immune to fire.
   rC:        It protects you from cold.
   rElec:     It insulates you from electricity.
   Fragile:   It will be destroyed if unequipped.
 Y - a +5 vorpal war axe
Missiles
 f - a boomerang
 o - 4 javelins (quivered)
Armour
 a - a +0 chain mail (worn)
 b - the +0 hat of Dithmenos's Reproof (worn) {+Blink rC+ Dex+7}
   (You acquired it on level 2 of the Dungeon)

   Dex:       It affects your dexterity (+7).
   rC:        It protects you from cold.
   +Blink:    It lets you blink.
 d - a +1 pair of gloves (worn)
 e - a +0 buckler (worn)
 i - a +0 pair of boots (worn)
 y - a +0 cloak (worn)
Jewellery
 c - a +4 ring of protection (right hand)
 u - a +4 ring of evasion
 w - a ring of poison resistance (left hand)
Wands
 s - a wand of digging (5)
Scrolls
 g - 5 scrolls of teleportation
 k - a scroll of identify
Potions
 j - a potion of resistance
 l - 4 potions of heal wounds
 m - a potion of mutation {unknown}
 p - 3 potions of curing
 r - 2 potions of haste

Dungeon Overview and Level Annotations

Branches:
Dungeon (8/15)             Temple (0/1) D:6            Lair (3/5) D:8
 Spider (0/4) Lair:2
  Swamp: Lair:2-3    Shoals: Lair:2-3

Altars:
Ashenzari
Gozag
Yredelemnul

Annotations:
D:2 1 runed translucent door, Crazy Yiuf
D:4 Natasha


Message History

The hell rat bites you!
Your polar bear is no longer petrified.
Your polar bear bites the rime drake but does no damage.
Your polar bear claws the rime drake but does no damage.
Your polar bear claws the rime drake.
The eight-headed hydra bites you but does no damage. x6
The eight-headed hydra bites you.
The eight-headed hydra bites you but does no damage.
The hell rat bites you but does no damage.
The rime drake bites your polar bear.
The hell rat twitches its whiskers.
The hell rat bites you.
The hell rat bites you but does no damage.
The basilisk bites you but does no damage.
The basilisk gazes at you. You resist with some effort.
A basilisk comes into view.
Your polar bear closely misses the rime drake. x2
Your polar bear claws the rime drake but does no damage.
The hell rat bites you but does no damage.
The hell rat bites you but does no damage.
The rime drake closely misses your polar bear.
The eight-headed hydra bites you but does no damage.
The eight-headed hydra bites you!
The eight-headed hydra bites you but does no damage.
The eight-headed hydra bites you.
The eight-headed hydra bites you but does no damage.
The eight-headed hydra bites you! The eight-headed hydra bites you. x2
The hell rat bites you but does no damage.
Your polar bear closely misses the rime drake.
Your polar bear claws the rime drake.
Your polar bear closely misses the rime drake.
The hell rat bites you.
The basilisk bites you but does no damage. x2
The hell rat bites you.
The hell rat bites you but does no damage.
The rime drake bites your polar bear but does no damage.
Your polar bear misses the rime drake.
Your polar bear claws the rime drake. x2
The hell rat bites you!
You die...

##... ## ..... .#
#.... .. ..r. .##
#ll+#..#
###llr..###
##..llDll#.##
#PP.kr@rr...#
#....hrr...###
...#...........#
#.F.....<...##.
...#..........(..
..#$..........(#.
. #..........#P#
#..........###
##.........#


You could see an eight-headed hydra, a cane toad, 7 basilisks, a rime drake
(ally target), a wyvern, 7 hell rats and a friendly polar bear (summoned,
berserk, drained).

Vanquished Creatures
  Urug (Lair:1)
  2 oklob plants (Lair:1)
  A black mamba (Lair:2)
  A torpor snail (Lair:2)
  Maggie (Lair:1)
  5 cane toads
  A rime drake (Lair:2)
  3 komodo dragons
  Prince Ribbit (D:6)
  Grinder (D:4)
  3 hornets
  11 blink frogs
  Sigmund (D:3)
  5 wyverns
  18 yaks
  A basilisk (Lair:1)
  3 steam dragons
  10 water moccasins
  An orc warrior (D:8)
  A sky beast (D:6)
  2 ice beasts
  3 black bears
  3 ogres
  7 wolves
  2 phantoms
  2 kobold brigands
  2 bullfrogs
  A scorpion (D:5)
  2 necrophages
  A gnoll sergeant (D:5)
  4 wights (D:8)
  A killer bee (D:6)
  A howler monkey (D:6)
  5 hounds
  3 jellies
  6 orc priests
  4 gnoll boudas
  Natasha (D:4)
  7 iguanas
  Terence (D:2)
  3 orc wizards
  A hell rat (Lair:2)
  Robin (D:2)
  8 adders
  31 gnolls
  2 shadow imps
  2 white imps
  An ufetubus (D:6)
  A worm (D:2)
  2 dart slugs
  26 orcs
  9 endoplasms
  5 giant cockroaches
  19 goblins
  10 hobgoblins
  A jackal (D:2)
  4 quokkas
  6 ball pythons
  5 bats
  6 frilled lizards
  16 kobolds
  4 rats
292 creatures vanquished.

Vanquished Creatures (others)
  A goblin (D:7)
  A bush (Lair:2)
  11 fungi
  22 plants
35 creatures vanquished.

Grand Total: 327 creatures vanquished

Notes
Turn   | Place    | Note
-------+----------+-------------------------------------------
     0 | D:1      | qw the Minotaur Berserker began the quest for the Orb.
     0 | D:1      | Reached XP level 1. HP: 19/19 MP: 0/0
     0 | D:1      | 0 ||| qw: Version: 0.1-a-112-g44dc6cd
     0 | D:1      | 0 ||| qw: Game counter: 6729
     0 | D:1      | 0 ||| qw: Always use a shield: true
     0 | D:1      | 0 ||| qw: Do Orc after D:15 true
     0 | D:1      | 0 ||| qw: Do second Lair branch before Depths: true
     0 | D:1      | 0 ||| qw: Lair rune preference: random
     0 | D:1      | 0 ||| qw: Plans: Normal
     0 | D:1      | 0 ||| PLANNING D:1-11
    72 | D:1      | 72 ||| Stepping ~*~*~tactically~*~*~ (stealth).
    86 | D:1      | Reached skill level 4 in Axes
   163 | D:1      | Reached XP level 2. HP: 23/26 MP: 1/1
   431 | D:1      | 431 ||| Stepping ~*~*~tactically~*~*~ (stealth).
   433 | D:1      | 433 ||| Stepping ~*~*~tactically~*~*~ (stealth).
   434 | D:1      | 434 ||| Stepping ~*~*~tactically~*~*~ (stealth).
   435 | D:1      | 435 ||| Stepping ~*~*~tactically~*~*~ (stealth).
   492 | D:1      | 492 ||| Stepping ~*~*~tactically~*~*~ (stealth).
   501 | D:1      | 501 ||| Stepping ~*~*~tactically~*~*~ (hiding).
   503 | D:1      | 503 ||| INVOKING Berserk.
   505 | D:1      | Reached skill level 5 in Axes
   511 | D:1      | Reached skill level 1 in Throwing
   511 | D:1      | Reached XP level 3. HP: 20/31 MP: 2/2
   511 | D:1      | Reached ** piety under Trog
   843 | D:1      | 843 ||| UPGRADING to +0 pair of gloves.
   848 | D:1      | 848 ||| UPGRADING to +0 buckler.
   853 | D:1      | 853 ||| READING 2 scrolls labelled JYSUOL GOZOV.
   854 | D:1      | 854 ||| READING 2 scrolls labelled TIAGIU SEOHONUT.
   857 | D:1      | 857 ||| READING scroll labelled SUMECA WADYO.
   858 | D:1      | 858 ||| READING scroll labelled OTYEHA YCZE.
   859 | D:1      | 859 ||| DROPPING scroll of fear.
   860 | D:1      | 860 ||| READING scroll of teleportation.
   881 | D:2      | Noticed Robin
   887 | D:2      | 887 ||| INVOKING Berserk.
   890 | D:2      | Reached skill level 1 in Shields
   894 | D:2      | Killed Robin
   898 | D:2      | Reached XP level 4. HP: 16/39 MP: 3/3
   906 | D:2      | 906 ||| FLEEEEING.
   907 | D:2      | 907 ||| STAIRDANCE
  1122 | D:2      | 1122 ||| Stepping ~*~*~tactically~*~*~ (stealth).
  1124 | D:2      | 1124 ||| Stepping ~*~*~tactically~*~*~ (stealth).
  1262 | D:2      | 1262 ||| Stepping ~*~*~tactically~*~*~ (stealth).
  1276 | D:2      | Reached skill level 6 in Axes
  1327 | D:2      | 1327 ||| Stepping ~*~*~tactically~*~*~ (stealth).
  1368 | D:2      | 1368 ||| Stepping ~*~*~tactically~*~*~ (stealth).
  1404 | D:2      | 1404 ||| Stepping ~*~*~tactically~*~*~ (stealth).
  1428 | D:2      | 1428 ||| Stepping ~*~*~tactically~*~*~ (stealth).
  1457 | D:2      | 1457 ||| READING scroll of enchant armour.
  1457 | D:2      | 1457 ||| ENCHANTING +0 pair of gloves.
  1537 | D:2      | Found a runed translucent door.
  1538 | D:2      | Noticed Crazy Yiuf
  1656 | D:2      | Noticed Terence
  1657 | D:2      | 1657 ||| Stepping ~*~*~tactically~*~*~ (hiding).
  1658 | D:2      | 1658 ||| Stepping ~*~*~tactically~*~*~ (hiding).
  1663 | D:2      | 1663 ||| INVOKING Berserk.
  1665 | D:2      | Killed Terence
  1666 | D:2      | Reached XP level 5. HP: 45/45 MP: 4/4
  1900 | D:2      | 1900 ||| UPGRADING to +0 scale mail.
  1910 | D:2      | 1910 ||| DROPPING +0 animal skin.
  1911 | D:2      | 1911 ||| DROPPING +0 ring mail.
  1912 | D:2      | 1912 ||| READING scroll labelled MEECWE BULIUL.
  1913 | D:2      | 1913 ||| READING scroll labelled ECAPUN KAGRY.
  1913 | D:2      | Identified a scroll of acquirement
  1913 | D:2      | 1913 ||| ACQUIRING +0 hat of Dithmenos's Reproof {+Blink
                  | rC+ Dex+7}
  1913 | D:2      | Acquired the +0 hat of Dithmenos's Reproof {+Blink rC+
                  | Dex+7}
  1915 | D:2      | 1915 ||| UPGRADING to +0 hat of Dithmenos's Reproof {+Blink
                  | rC+ Dex+7}.
  1962 | D:3      | Found a faded altar of an unknown god.
  2046 | D:3      | Noticed Sigmund
  2047 | D:3      | 2047 ||| INVOKING Berserk.
  2052 | D:3      | Killed Sigmund
  2053 | D:3      | Reached skill level 8 in Axes
  2053 | D:3      | Reached XP level 6. HP: 51/51 MP: 5/5
  2223 | D:3      | 2223 ||| INVOKING Berserk.
  2441 | D:3      | 2441 ||| INVOKING Berserk.
  2962 | D:3      | 2962 ||| UPGRADING to ring of resist corrosion.
  2963 | D:3      | 2963 ||| DRINKING 2 ruby potions.
  2964 | D:3      | 2964 ||| DRINKING 2 sedimented blue potions.
  2965 | D:3      | 2965 ||| DROPPING potion of flight.
  2966 | D:3      | 2966 ||| DROPPING potion of brilliance.
  3033 | D:4      | 3033 ||| Stepping ~*~*~tactically~*~*~ (stealth).
  3044 | D:4      | 3044 ||| INVOKING Berserk.
  3265 | D:4      | 3265 ||| INVOKING Berserk.
  3267 | D:4      | Reached XP level 7. HP: 60/60 MP: 6/6
  3441 | D:4      | Noticed Grinder
  3443 | D:4      | 3443 ||| INVOKING Trog's Hand.
  3444 | D:4      | 3444 ||| INVOKING Berserk.
  3449 | D:4      | Killed Grinder
  3450 | D:4      | Reached skill level 9 in Axes
  3634 | D:4      | Noticed Natasha
  3636 | D:4      | 3636 ||| INVOKING Berserk.
  3641 | D:4      | Killed Natasha
  3644 | D:4      | Reached skill level 3 in Shields
  3873 | D:4      | 3873 ||| Stepping ~*~*~tactically~*~*~ (hiding).
  3876 | D:4      | 3876 ||| INVOKING Berserk.
  3962 | D:4      | Noticed Natasha
  3963 | D:4      | 3963 ||| Stepping ~*~*~tactically~*~*~ (stealth).
  4080 | D:4      | 4080 ||| UPGRADING to +0 chain mail.
  4090 | D:4      | 4090 ||| DROPPING +0 scale mail.
  4091 | D:4      | 4091 ||| UPGRADING to +0 pair of boots.
  4096 | D:4      | 4096 ||| DROPPING +1 pair of gloves of infusion.
  4111 | D:5      | Entered Level 5 of the Dungeon
  4128 | D:5      | Reached skill level 3 in Armour
  4131 | D:5      | Reached skill level 10 in Axes
  4131 | D:5      | Reached XP level 8. HP: 54/68 MP: 7/7
  4225 | D:5      | 4225 ||| Stepping ~*~*~tactically~*~*~ (stealth).
  4227 | D:5      | 4227 ||| Stepping ~*~*~tactically~*~*~ (stealth).
  4237 | D:5      | 4237 ||| Stepping ~*~*~tactically~*~*~ (stealth).
  4238 | D:5      | 4238 ||| Stepping ~*~*~tactically~*~*~ (stealth).
  4243 | D:5      | 4243 ||| INVOKING Berserk.
  4276 | D:5      | 4276 ||| Stepping ~*~*~tactically~*~*~ (stealth).
  4356 | D:5      | Reached *** piety under Trog
  4357 | D:5      | Reached skill level 3 in Dodging
  4424 | D:5      | 4424 ||| INVOKING Berserk.
  4555 | D:5      | 4555 ||| SWAPPING to +1 war axe of venom.
  4556 | D:5      | 4556 ||| DROPPING +0 hand axe.
  4603 | D:5      | 4603 ||| Stepping ~*~*~tactically~*~*~ (stealth).
  4606 | D:5      | Reached skill level 6 in Fighting
  4607 | D:5      | 4607 ||| Stepping ~*~*~tactically~*~*~ (hiding).
  4616 | D:5      | 4616 ||| FLEEEEING.
  4617 | D:5      | 4617 ||| FLEEEEING.
  4620 | D:5      | 4620 ||| FLEEEEING.
  4621 | D:5      | 4621 ||| FLEEEEING.
  4622 | D:5      | 4622 ||| FLEEEEING.
  4624 | D:5      | 4624 ||| FLEEEEING.
  4626 | D:5      | 4626 ||| FLEEEEING.
  4721 | D:5      | 4721 ||| FLEEEEING.
  4727 | D:5      | Reached skill level 11 in Axes
  4871 | D:5      | Identified the +6 mace of the Ancients {flame, Fragile
                  | rElec rF+++ rC+}
  4906 | D:5      | 4906 ||| Stepping ~*~*~tactically~*~*~ (stealth).
  4907 | D:5      | 4907 ||| Stepping ~*~*~tactically~*~*~ (hiding).
  4913 | D:5      | 4913 ||| INVOKING Berserk.
  5087 | D:5      | 5087 ||| Stepping ~*~*~tactically~*~*~ (stealth).
  5154 | D:5      | 5154 ||| UPGRADING to +4 ring of protection.
  5155 | D:5      | 5155 ||| READING scroll labelled FOETOOHOALL.
  5234 | D:6      | Noticed Prince Ribbit
  5235 | D:6      | 5235 ||| Stepping ~*~*~tactically~*~*~ (hiding).
  5236 | D:6      | 5236 ||| Stepping ~*~*~tactically~*~*~ (hiding).
  5239 | D:6      | 5239 ||| INVOKING Berserk.
  5245 | D:6      | Reached XP level 9. HP: 75/75 MP: 8/8
  5247 | D:6      | Killed Prince Ribbit
  5248 | D:6      | Reached skill level 12 in Axes
  5325 | D:6      | 5325 ||| DROPPING +0 whip.
  5366 | D:6      | 5366 ||| Stepping ~*~*~tactically~*~*~ (stealth).
  5376 | D:6      | 5376 ||| Stepping ~*~*~tactically~*~*~ (stealth).
  5401 | D:6      | 5401 ||| INVOKING Berserk.
  5414 | D:6      | 5414 ||| Stepping ~*~*~tactically~*~*~ (stealth).
  5431 | D:6      | 5431 ||| Stepping ~*~*~tactically~*~*~ (stealth).
  5452 | D:6      | 5452 ||| Stepping ~*~*~tactically~*~*~ (stealth).
  5482 | D:6      | 5482 ||| FLEEEEING.
  5505 | D:6      | 5505 ||| Stepping ~*~*~tactically~*~*~ (stealth).
  5506 | D:6      | 5506 ||| Stepping ~*~*~tactically~*~*~ (stealth).
  5586 | D:6      | 5586 ||| Stepping ~*~*~tactically~*~*~ (hiding).
  5589 | D:6      | 5589 ||| INVOKING Berserk.
  5595 | D:6      | Reached skill level 13 in Axes
  5868 | D:6      | 5868 ||| DROPPING +2 mace of holy wrath.
  6161 | D:6      | Found a staircase to the Ecumenical Temple.
  6283 | D:6      | 6283 ||| DROPPING ring of ice.
  6284 | D:6      | 6284 ||| UPGRADING to +6 ring of strength.
  6286 | D:6      | 6286 ||| DROPPING ring of resist corrosion.
  6287 | D:6      | 6287 ||| READING scroll labelled KIOSHRO SILYG.
  6288 | D:6      | 6288 ||| READING scroll labelled UCEREO GAARI.
  6389 | D:6      | 6389 ||| READING scroll labelled GALACH IFISUO.
  6390 | D:6      | 6390 ||| READING scroll labelled ANOARH MYNIUDD.
  6391 | D:6      | 6391 ||| DRINKING 3 pink potions.
  6392 | D:6      | 6392 ||| READING 4 scrolls of identify.
  6392 | D:6      | 6392 ||| IDENTIFYING golden potion
  6393 | D:6      | 6393 ||| READING 3 scrolls of identify.
  6393 | D:6      | 6393 ||| IDENTIFYING metallic puce potion
  6394 | D:6      | 6394 ||| READING 2 scrolls of identify.
  6394 | D:6      | 6394 ||| IDENTIFYING fizzy silvery potion
  6395 | D:6      | 6395 ||| DROPPING potion of attraction.
  6470 | D:7      | 6470 ||| INVOKING Berserk.
  6472 | D:7      | Reached skill level 3 in Throwing
  6617 | D:7      | 6617 ||| READING scroll of enchant weapon.
  6617 | D:7      | 6617 ||| ENCHANTING +2 war axe of venom.
  6677 | D:7      | 6677 ||| Stepping ~*~*~tactically~*~*~ (hiding).
  6686 | D:7      | 6686 ||| Stepping ~*~*~tactically~*~*~ (stealth).
  6688 | D:7      | 6688 ||| Stepping ~*~*~tactically~*~*~ (hiding).
  6695 | D:7      | 6695 ||| Stepping ~*~*~tactically~*~*~ (hiding).
  6704 | D:7      | 6704 ||| Stepping ~*~*~tactically~*~*~ (stealth).
  6706 | D:7      | Found a flagged portal.
  6708 | D:7      | 6708 ||| Stepping ~*~*~tactically~*~*~ (cloud).
  6710 | D:7      | 6710 ||| Stepping ~*~*~tactically~*~*~ (cloud).
  6711 | D:7      | 6711 ||| Stepping ~*~*~tactically~*~*~ (hiding).
  6714 | D:7      | 6714 ||| INVOKING Berserk.
  6721 | D:7      | 6721 ||| Stepping ~*~*~tactically~*~*~ (cloud).
  6722 | D:7      | 6722 ||| Stepping ~*~*~tactically~*~*~ (cloud).
  6836 | D:7      | 6836 ||| Stepping ~*~*~tactically~*~*~ (stealth).
  6842 | D:7      | 6842 ||| Stepping ~*~*~tactically~*~*~ (hiding).
  6853 | D:7      | 6853 ||| Stepping ~*~*~tactically~*~*~ (stealth).
  6977 | D:7      | Reached XP level 10. HP: 88/88 MP: 9/9
  6978 | D:7      | Reached **** piety under Trog
  7282 | D:7      | 7282 ||| UPGRADING to +4 ring of evasion.
  7284 | D:7      | 7284 ||| DROPPING +6 ring of strength.
  7285 | D:7      | 7285 ||| READING 2 scrolls of identify.
  7285 | D:7      | 7285 ||| IDENTIFYING bubbling green potion
  7286 | D:7      | 7286 ||| DROPPING potion of degeneration.
  7336 | D:8      | 7336 ||| Stepping ~*~*~tactically~*~*~ (hiding).
  7342 | D:8      | 7342 ||| INVOKING Berserk.
  7528 | D:8      | Found a basalt altar of Yredelemnul.
  7528 | D:8      | Found a broken altar of Ashenzari.
  7536 | D:8      | 7536 ||| Stepping ~*~*~tactically~*~*~ (stealth).
  7538 | D:8      | 7538 ||| Stepping ~*~*~tactically~*~*~ (stealth).
  7540 | D:8      | 7540 ||| Stepping ~*~*~tactically~*~*~ (hiding).
  7545 | D:8      | 7545 ||| Stepping ~*~*~tactically~*~*~ (hiding).
  7546 | D:8      | 7546 ||| Stepping ~*~*~tactically~*~*~ (hiding).
  7547 | D:8      | 7547 ||| Stepping ~*~*~tactically~*~*~ (hiding).
  7555 | D:8      | 7555 ||| Stepping ~*~*~tactically~*~*~ (stealth).
  7556 | D:8      | 7556 ||| Stepping ~*~*~tactically~*~*~ (stealth).
  7557 | D:8      | 7557 ||| Stepping ~*~*~tactically~*~*~ (stealth).
  7587 | D:8      | 7587 ||| Stepping ~*~*~tactically~*~*~ (stealth).
  7588 | D:8      | 7588 ||| Stepping ~*~*~tactically~*~*~ (stealth).
  7592 | D:8      | 7592 ||| Stepping ~*~*~tactically~*~*~ (stealth).
  7616 | D:8      | 7616 ||| FLEEEEING.
  7707 | D:8      | 7707 ||| Stepping ~*~*~tactically~*~*~ (hiding).
  7831 | D:8      | 7831 ||| Stepping ~*~*~tactically~*~*~ (hiding).
  7841 | D:8      | 7841 ||| Stepping ~*~*~tactically~*~*~ (hiding).
  7845 | D:8      | 7845 ||| INVOKING Berserk.
  7957 | D:8      | Identified the +12 falchion of Bynlenonk {protect, Int-3
                  | Dex+3 SInv}
  7965 | D:8      | 7965 ||| Stepping ~*~*~tactically~*~*~ (stealth).
  7967 | D:8      | 7967 ||| Stepping ~*~*~tactically~*~*~ (stealth).
  8009 | D:8      | 8009 ||| Stepping ~*~*~tactically~*~*~ (hiding).
  8014 | D:8      | Reached skill level 14 in Axes
  8185 | D:8      | 8185 ||| DROPPING +0 flail.
  8297 | D:8      | Found a staircase to the Lair.
  8316 | D:8      | 8316 ||| Stepping ~*~*~tactically~*~*~ (hiding).
  8324 | D:8      | 8324 ||| DRINKING 4 potions of curing.
  8324 | D:8      | 8324 ||| (to cure confusion)
  8326 | D:8      | 8326 ||| Stepping ~*~*~tactically~*~*~ (hiding).
  8341 | D:8      | Reached skill level 6 in Armour
  8740 | D:8      | 8740 ||| Stepping ~*~*~tactically~*~*~ (stealth).
  8742 | D:8      | 8742 ||| Stepping ~*~*~tactically~*~*~ (hiding).
  8747 | D:8      | 8747 ||| INVOKING Berserk.
  9003 | D:8      | 9003 ||| PLANNING LAIR
  9003 | D:8      | 9003 ||| READING 2 scrolls of identify.
  9003 | D:8      | 9003 ||| IDENTIFYING amethyst potion
  9042 | Lair:1   | Entered Level 1 of the Lair of Beasts
  9058 | Lair:1   | Reached skill level 15 in Axes
  9076 | Lair:1   | Reached skill level 9 in Fighting
  9118 | Lair:1   | Noticed Urug
  9119 | Lair:1   | 9119 ||| INVOKING Berserk.
  9126 | Lair:1   | Killed Urug
  9218 | Lair:1   | Reached XP level 11. HP: 89/97 MP: 10/10
  9361 | Lair:1   | 9361 ||| Stepping ~*~*~tactically~*~*~ (stealth).
  9362 | Lair:1   | 9362 ||| INVOKING Berserk.
  9373 | Lair:1   | Reached skill level 16 in Axes
  9544 | Lair:1   | 9544 ||| INVOKING Berserk.
  9671 | Lair:1   | Noticed Maggie
  9676 | Lair:1   | Killed Maggie
  9806 | Lair:1   | 9806 ||| Stepping ~*~*~tactically~*~*~ (stealth).
  9875 | Lair:1   | 9875 ||| INVOKING Berserk.
 10057 | Lair:1   | Noticed an oklob plant
 10059 | Lair:1   | 10059 ||| INVOKING Berserk.
 10065 | Lair:1   | Killed an oklob plant
 10066 | Lair:1   | Reached skill level 6 in Shields
 10158 | Lair:1   | 10158 ||| INVOKING Berserk.
 10305 | Lair:1   | Noticed an oklob plant
 10306 | Lair:1   | Found an opulent altar of Gozag.
 10311 | Lair:1   | 10311 ||| INVOKING Berserk.
 10322 | Lair:1   | Killed an oklob plant
 10434 | Lair:1   | 10434 ||| INVOKING Berserk.
 10787 | Lair:1   | 10787 ||| READING scroll of enchant weapon.
 10787 | Lair:1   | 10787 ||| ENCHANTING +3 war axe of venom.
 10826 | Lair:1   | 10826 ||| UPGRADING to +0 cloak.
 10831 | Lair:1   | 10831 ||| UPGRADING to ring of poison resistance.
 10833 | Lair:1   | 10833 ||| READING scroll labelled GAJAUC JAOSHESS.
 10834 | Lair:1   | 10834 ||| READING 2 scrolls labelled ROYLIXZ ZIOGG.
 10835 | Lair:1   | 10835 ||| READING scroll of brand weapon.
 10835 | Lair:1   | 10835 ||| BRANDING +4 war axe of protection.
 10877 | Lair:2   | 10877 ||| READING scroll of enchant weapon.
 10877 | Lair:2   | 10877 ||| ENCHANTING +4 vorpal war axe.
 10885 | Lair:2   | 10885 ||| INVOKING Berserk.
 11045 | Lair:2   | 11045 ||| INVOKING Berserk.
 11200 | Lair:2   | 11200 ||| INVOKING Berserk.
 11247 | Lair:2   | 11247 ||| Stepping ~*~*~tactically~*~*~ (stealth).
 11268 | Lair:2   | 11268 ||| FLEEEEING.
 11269 | Lair:2   | 11269 ||| FLEEEEING.
 11270 | Lair:2   | 11270 ||| INVOKING Berserk.
 11408 | Lair:2   | Found a hole to the Spider Nest.
 11418 | Lair:2   | 11418 ||| INVOKING Berserk.
 11424 | Lair:2   | Reached skill level 6 in Dodging
 11486 | Lair:2   | 11486 ||| Stepping ~*~*~tactically~*~*~ (stealth).
 11487 | Lair:2   | 11487 ||| Stepping ~*~*~tactically~*~*~ (stealth).
 11653 | Lair:2   | 11653 ||| Stepping ~*~*~tactically~*~*~ (stealth).
 11662 | Lair:2   | 11662 ||| Stepping ~*~*~tactically~*~*~ (stealth).
 11673 | Lair:2   | Reached skill level 9 in Armour
 11745 | Lair:2   | 11745 ||| INVOKING Berserk.
 11763 | Lair:2   | 11763 ||| Stepping ~*~*~tactically~*~*~ (stealth).
 11947 | Lair:2   | 11947 ||| INVOKING Berserk.
 12338 | Lair:2   | 12338 ||| DRINKING 3 lumpy amethyst potions.
 12439 | Lair:2   | 12439 ||| DROPPING 2 potions of ambrosia.
 12457 | Lair:3   | 12457 ||| STAIRDANCE
 12459 | Lair:2   | 12459 ||| INVOKING Berserk.
 12461 | Lair:2   | Reached XP level 12. HP: 108/108 MP: 11/11
 12588 | Lair:3   | 12588 ||| STAIRDANCE
 12682 | Lair:3   | 12682 ||| STAIRDANCE
 12684 | Lair:2   | 12684 ||| INVOKING Berserk.
 12751 | Lair:3   | 12751 ||| INVOKING Berserk.
 12762 | Lair:3   | 12762 ||| STAIRDANCE
 12867 | Lair:3   | Noticed an eight-headed hydra
 12868 | Lair:3   | 12868 ||| INVOKING Brothers in Arms.
 12875 | Lair:3   | 12875 ||| SWAPPING to +0 morningstar.
 12876 | Lair:3   | 12876 ||| Stepping ~*~*~tactically~*~*~ (outnumbered).
 12877 | Lair:3   | 12877 ||| INVOKING Berserk.
 12887 | Lair:3   | HP: 39/162 [eight-headed hydra (4)]
 12887 | Lair:3   | HP: 19/162 [hell rat (3)]
 12889 | Lair:3   | HP: 8/162 [eight-headed hydra (4)]
 12889 | Lair:3   | HP: 3/162 [hell rat (1)]
 12890 | Lair:3   | Slain by a hell rat

Levels and vault maps discovered:
D:1:      shiori_shiawase, layout_basic
D:2:      minmay_wonky_spiral, layout_rooms, uniq_terence, uniq_robin,
          uniq_crazy_yiuf_cottage
D:3:      layout_basic, nicolae_ecumenical_oubliette, uniq_sigmund
D:4:      layout_loops_ring, palyth_stone_intersect, kennysheep_nub,
          uniq_grinder, uniq_natasha
D:5:      layout_rooms, nicolae_figureground_pulse
D:6:      layout_basic, minmay_temple_entry_fiery, minmay_alternating_orb,
          uniq_prince_ribbit1
D:7:      layout_loops_ring, enter_bailey_3
D:8:      layout_basic, gammafunk_temple_overflow_elements, lair_entry_dummy
Lair:1:   layout_roguey, lemuel_oklob_altar, uniq_maggie, uniq_urug
Lair:2:   layout_regular_city, dummy_spider_entry
Lair:3:   layout_roguey [special_room_mythical_zoo], palyth_hydra_swamp_entry

Skill      XL: |  1  2  3  4  5  6  7  8  9 10 11 12 |
---------------+-------------------------------------+-----
Axes           | 4 5 6 8 10 11 13 15 16 | 16.0
Throwing       | 1 2 3 4 5 |  5.0
Shields        | 1 2 3 4 5 7 |  7.1
Fighting       | 4 5 6 8 9 10 11 | 11.2
Armour         | 3 4 5 6 9 |  9.0
Dodging        | 3 4 5 6 |  6.3

Action                   |  1- 3 |  4- 6 |  7- 9 | 10-12 || total
-------------------------+-------+-------+-------+-------++-------
Melee: Hand axe          |    51 |    82 |    59 |       ||   192
       Punch             |     1 |       |       |       ||     1
       Headbutt          |     6 |    11 |    30 |    51 ||    98
       War axe           |       |       |   114 |   244 ||   358
       Morningstar       |       |       |       |     6 ||     6
Throw: Javelin           |    18 |    45 |    45 |    58 ||   166
       Boomerang         |       |       |       |    22 ||    22
Invok: Berserk           |     2 |     6 |    11 |    22 ||    41
       Trog's Hand       |       |       |     1 |       ||     1
       Brothers in Arms  |       |       |       |     1 ||     1
  Use: Scroll            |     5 |     3 |     9 |     7 ||    24
       Potion            |       |     2 |     1 |     2 ||     5
Armor: Animal skin       |    16 |     7 |       |       ||    23
       Scale mail        |       |     5 |     5 |       ||    10
       Chain mail        |       |       |    78 |   130 ||   208
Dodge: Dodged            |    35 |    25 |    61 |   110 ||   231
Block: Buckler           |     1 |    15 |    28 |    49 ||    93

Table legend:
 A = Non-vault XP
 B = Vault XP
 C = Vault XP percentage of total XP
 D = Non-vault monster count
 E = Vault monster count
 F = Vault count percentage of total count
                 A         B        C        D         E       F
            +---------+---------+-------+---------+---------+-------
      Total |   19163 |    4470 |  18.9 |     248 |      44 |  15.1
            +---------+---------+-------+---------+---------+-------
        D:1 |      59 |       0 |   0.0 |      28 |       0 |   0.0
        D:2 |      79 |      72 |  47.7 |      24 |      14 |  36.8
        D:3 |     201 |     239 |  54.3 |      14 |       1 |   6.7
        D:4 |     285 |     318 |  52.7 |      21 |       2 |   8.7
        D:5 |    1476 |       0 |   0.0 |      30 |       0 |   0.0
        D:6 |     565 |    1212 |  68.2 |      10 |      16 |  61.5
        D:7 |    1309 |       6 |   0.5 |      14 |       3 |  17.6
        D:8 |    2328 |       0 |   0.0 |      54 |       0 |   0.0
     Lair:1 |    6044 |    1764 |  22.6 |      25 |       3 |  10.7
     Lair:2 |    6543 |      34 |   0.5 |      27 |       1 |   3.6
     Lair:3 |     274 |     825 |  75.1 |       1 |       4 |  80.0
            +---------+---------+-------+---------+---------+-------
